[Event "Friday 19 January Rapid Engine Tour 12+1 Rounds 9 Starts 1600 ST"]
[Site "Infinity Chess"]
[Date "2018.1.19"]
[Round "2"]
[White "OlivierEvan"]
[Black "ocirema"]
[Result "1/2-1/2"]
[ECO "A20"]
[WhiteElo "2372"]
[BlackElo "2430"]
[WhiteEngine "Houdini 6"]
[BlackEngine "stockfish_18011309_x64_modern_CTG"]
[EventType "Swiss"]
[WhiteTeam ""]
[BlackTeam ""]
[PlyCount "182"]
[TimeControl "720+1"]

1. c4 e5 2. b3 Nf6 3. Bb2 Nc6 4. e3 d5 5. cxd5 Nxd5 6. a3 Bd6 7. d3 f5 
8. Nd2 O-O 9. Ngf3 Qe7 10. Qc2 Bd7 11. Be2 Rae8 12. O-O e4 13. dxe4 fxe4 
14. Bc4 Rf5 15. g3 Rh5 16. Nh4 Kh8 17. Rfe1 Bh3 18. b4 Nb6 19. Ng2 Nxc4 
20. Nxc4 Bxg2 21. Kxg2 Qe6 22. h4 h6 23. Rac1 Rf8 24. Nd2 Qf5 25. Nxe4 Be5 
26. Bxe5 Qf3+ 27. Kg1 Nxe5 28. Red1 b6 29. Rf1 a6 30. a4 b5 31. a5 Rhf5 
32. Rcd1 g5 33. hxg5 hxg5 34. Nd2 Qe2 35. Qxc7 g4 36. Qb6 Rh5 37. Qc5 Kg7 
38. Kg2 Rd8 39. Qe7+ Nf7 40. Qe4 Rh6 41. Rde1 Qxd2 42. Rd1 Qe2 43. Rxd8 Qf3+ 
44. Qxf3 gxf3+ 45. Kxf3 Nxd8 46. g4 Nc6 47. Rb1 Re6 48. Kf4 Kg6 49. Rb3 Kf6 
50. Rb1 Kg6 51. Rb3 Kf7 52. Rb1 Rf6+ 53. Kg3 Re6 54. Kf4 Re5 55. e4 Re8 
56. f3 Ke6 57. Ke3 Rg8 58. Rh1 Nxb4 59. Rh6+ Kd7 60. e5 Nc6 61. Ke4 Rb8 
62. Rd6+ Kc7 63. Kd5 Ne7+ 64. Ke6 Ng6 65. Kf5 Ne7+ 66. Ke6 Ng6 67. Kf5 Nh4+ 
68. Kf6 Rf8+ 69. Ke7 Rxf3 70. Rxa6 b4 71. Rb6 b3 72. g5 Re3 73. Kf6 Rg3 
74. Rb4 Rf3+ 75. Kg7 Nf5+ 76. Kf6 Nd4+ 77. Kg6 Nc2 78. Rb6 Re3 79. Kf6 Nd4 
80. g6 Rf3+ 81. Kg7 Rh3 82. e6 Nc6 83. Kf7 Rg3 84. e7 Rf3+ 85. Ke8 Re3 
86. g7 Nxe7 87. Kf7 Rg3 88. Kxe7 Rxg7+ 89. Kf6 Rg8 90. Rxb3 Kd6 91. Rh3 Ra8 
1/2-1/2

[Event "Friday 19 January Rapid Engine Tour 12+1 Rounds 9 Starts 1600 ST"]
[Site "Infinity Chess"]
[Date "2018.1.19"]
[Round "2"]
[White "IronMan"]
[Black "CrapCleaner"]
[Result "0-1"]
[ECO "D30"]
[WhiteElo "2395"]
[BlackElo "2436"]
[WhiteEngine "Eman 1.58 64-bit BMI2"]
[BlackEngine "komodo-11.2.2-64bit_CTG"]
[EventType "Swiss"]
[WhiteTeam ""]
[BlackTeam ""]
[PlyCount "144"]
[TimeControl "720+1"]

1. d4 d5 2. c4 e6 3. Nf3 Nf6 4. Nc3 c6 5. e3 Nbd7 6. Qc2 Bd6 7. Bd3 O-O 
8. O-O dxc4 9. Bxc4 b5 10. Be2 Bb7 11. Bd2 Qb8 12. a3 a5 13. Ne4 Nxe4 
14. Qxe4 c5 15. Qh4 h6 16. Rfd1 c4 17. e4 Qd8 18. Qxd8 Rfxd8 19. e5 Bc7 
20. a4 bxa4 21. Rxa4 Nb6 22. Ra3 a4 23. Rc1 Rab8 24. Bc3 Rdc8 25. Nd2 Bd8 
26. Bb4 Bd5 27. Bf1 Rb7 28. Rc2 Nd7 29. Bc3 Ra7 30. f3 f6 31. g3 g5 32. Be2 Be7 
33. Ra1 fxe5 34. Ne4 g4 35. dxe5 Nc5 36. Nd6 Bxd6 37. exd6 gxf3 38. Bf1 Ne4 
39. Bd4 Rf7 40. Rxa4 Nxd6 41. Be3 Ne4 42. Bf2 Rfc7 43. Ra3 c3 44. bxc3 Nxc3 
45. Be3 Ne2+ 46. Rxe2 fxe2 47. Bxe2 Rc2 48. Bf1 h5 49. Bf4 Ra8 50. Rxa8+ Bxa8 
51. Be5 Kf8 52. h4 Kf7 53. Bd4 Bd5 54. Be5 Bf3 55. Bd3 Ra2 56. Bc4 Ra3 
57. Bb2 Ra4 58. Bd3 Ra2 59. Be5 Ra3 60. Bc4 Bg4 61. Bd6 Rc3 62. Bf1 Kf6 
63. Bg2 Kf5 64. Bf8 Rc1+ 65. Kf2 Rc2+ 66. Kg1 e5 67. Bh6 Rc3 68. Bd2 Rb3 
69. Bc6 e4 70. Kf2 Rf3+ 71. Kg2 Rd3 72. Ba5 e3 0-1

[Event "Friday 19 January Rapid Engine Tour 12+1 Rounds 9 Starts 1600 ST"]
[Site "Infinity Chess"]
[Date "2018.1.19"]
[Round "2"]
[White "Boggyman"]
[Black "Katzenmaier"]
[Result "1/2-1/2"]
[ECO "C50"]
[WhiteElo "2400"]
[BlackElo "2486"]
[WhiteEngine "Raubfisch ME262_GTZ16b3._CTG"]
[BlackEngine "S_XPrO.251117.x64.POPCNT_CTG"]
[EventType "Swiss"]
[WhiteTeam ""]
[BlackTeam ""]
[PlyCount "131"]
[TimeControl "720+1"]

1. e4 e5 2. Nf3 Nc6 3. Bc4 Bc5 4. O-O Nf6 5. d3 d6 6. c3 O-O 7. Re1 a5 
8. Nbd2 Ba7 9. Nf1 Be6 10. Bb5 Ne7 11. d4 exd4 12. Nxd4 Ng6 13. Ba4 c6 
14. Bc2 Bd7 15. Be3 Re8 16. Nf3 Bb8 17. Bd4 a4 18. Ng3 c5 19. Be3 Bc7 
20. b4 axb3 21. axb3 h6 22. Rxa8 Qxa8 23. c4 b5 24. h3 bxc4 25. bxc4 Bc6 
26. Qa1 Nxe4 27. Qxa8 Bxa8 28. Nxe4 Bxe4 29. Bxh6 Bc6 30. Rxe8+ Bxe8 31. Be3 f6 
32. g4 Bf7 33. Bd3 Kf8 34. Kf1 Ne7 35. Ke2 Nc6 36. Nd2 Ne5 37. Bf4 Nxd3 
38. Kxd3 Ke7 39. h4 Kd7 40. Nf1 d5 41. Bxc7 dxc4+ 42. Kc3 Kxc7 43. f4 Kd6 
44. Ne3 g5 45. fxg5 fxg5 46. h5 Ke6 47. Kxc4 Ke5+ 48. Kxc5 Kf4 49. h6 Bg8 
50. h7 Bxh7 51. Nd5+ Ke5 52. Ne3 Kf4 53. Nd5+ Ke5 54. Nb6 Bb1 55. Nd7+ Ke6 
56. Nb8 Be4 57. Na6 Ke5 58. Nb4 Bb1 59. Nd5 Ba2 60. Nc7 Kf4 61. Nb5 Kg3 
62. Nd6 Bb1 63. Nf7 Ba2 64. Nxg5 Kf4 65. Nh3+ Kf3 66. Kd6 1/2-1/2

[Event "Friday 19 January Rapid Engine Tour 12+1 Rounds 9 Starts 1600 ST"]
[Site "Infinity Chess"]
[Date "2018.1.19"]
[Round "2"]
[White "Vimtiroba"]
[Black "Wolle"]
[Result "1/2-1/2"]
[ECO "C50"]
[WhiteElo "2487"]
[BlackElo "2443"]
[WhiteEngine "SF@Infinity_CTG"]
[BlackEngine "Raubfisch X37a2_CTG"]
[EventType "Swiss"]
[WhiteTeam ""]
[BlackTeam ""]
[PlyCount "23"]
[TimeControl "720+1"]

1. e4 e5 2. Nf3 Nc6 3. Bc4 Bc5 4. d3 Nf6 5. c3 d6 6. O-O a5 7. Nbd2 O-O 
8. Re1 Ng4 9. Re2 Nf6 10. Re1 Ng4 11. Re2 Nf6 12. Re1 1/2-1/2

[Event "Friday 19 January Rapid Engine Tour 12+1 Rounds 9 Starts 1600 ST"]
[Site "Infinity Chess"]
[Date "2018.1.19"]
[Round "2"]
[White "BraveDevil"]
[Black "Satria_Ungu"]
[Result "1/2-1/2"]
[ECO "D31"]
[WhiteElo "2380"]
[BlackElo "2405"]
[WhiteEngine "Cryptic AIL V1"]
[BlackEngine "Houdini 6"]
[EventType "Swiss"]
[WhiteTeam ""]
[BlackTeam ""]
[PlyCount "113"]
[TimeControl "720+1"]

1. d4 d5 2. c4 e6 3. Nc3 c6 4. e4 dxe4 5. Nxe4 Bb4+ 6. Bd2 Qxd4 7. Bxb4 Qxe4+ 
8. Be2 Na6 9. Ba5 b6 10. Qd6 Bd7 11. Bc3 f6 12. O-O-O O-O-O 13. Qa3 Kb7 
14. Bf3 Qf4+ 15. Rd2 Qc7 16. Ne2 e5 17. Rhd1 Nh6 18. Ng3 Nf7 19. b4 Nb8 
20. Ne4 Bf5 21. b5 Rxd2 22. Rxd2 Rd8 23. bxc6+ Nxc6 24. Nc5+ Ka8 25. Qa4 e4 
26. Nxe4 Rxd2 27. Nxd2 Bd7 28. h4 h6 29. Qc2 Nfd8 30. Qh7 Ne6 31. Bd5 Kb8 
32. Qg8+ Ncd8 33. Ne4 a5 34. Kb2 Bc6 35. Bd2 Ka7 36. Nc3 Qd7 37. g3 Kb7 
38. Be3 Nc7 39. Qh7 Bxd5 40. cxd5 b5 41. a3 b4 42. axb4 axb4 43. Ne4 Qxd5 
44. Nc5+ Kc6 45. Qxg7 Qe5+ 46. Kc2 Qf5+ 47. Kd2 Qd5+ 48. Nd3 Qa2+ 49. Ke1 Qa1+ 
50. Ke2 Nd5 51. Qh7 Nc3+ 52. Kf3 Qh1+ 53. Kg4 Qd1+ 54. Kh3 Qh1+ 55. Kg4 Qd1+ 
56. Kh3 Qh1+ 57. Kg4 1/2-1/2

[Event "Friday 19 January Rapid Engine Tour 12+1 Rounds 9 Starts 1600 ST"]
[Site "Infinity Chess"]
[Date "2018.1.19"]
[Round "2"]
[White "star99"]
[Black "NINJA_JENGKA"]
[Result "1/2-1/2 "]
[ECO "A40"]
[WhiteElo "2416"]
[BlackElo "2431"]
[WhiteEngine "Cryptic AIL V1"]
[BlackEngine "Houdini 6_CTG"]
[EventType "Swiss"]
[WhiteTeam ""]
[BlackTeam ""]
[PlyCount "120"]
[TimeControl "720+1"]

1. d4 c6 2. e4 d5 3. Nd2 dxe4 4. Nxe4 Bf5 5. Ng3 Bg6 6. Nf3 Nf6 7. h4 h6 
8. Ne5 Bh7 9. Bd3 e6 10. Bxh7 Nxh7 11. Qh5 Qc7 12. Ne4 Nf6 13. Nxf6+ gxf6 
14. Nd3 Qd6 15. c3 Qd5 16. Qxd5 cxd5 17. g4 Nc6 18. h5 Kd7 19. Ke2 e5 
20. dxe5 fxe5 21. f4 Re8 22. Nxe5+ Nxe5 23. fxe5 Rxe5+ 24. Kf3 Bd6 25. Bd2 f5 
26. g5 hxg5 27. Bxg5 Rg8 28. Be3 Re4 29. Rh3 Rge8 30. Bxa7 Rf4+ 31. Kg2 Re2+ 
32. Kg1 Rg4+ 33. Kh1 Rg3 34. Rxg3 Bxg3 35. Bg1 Rxb2 36. h6 Be5 37. h7 Bxc3 
38. Rd1 Rxa2 39. Rxd5+ Ke6 40. Rd8 Ba1 41. h8=B Bxh8 42. Rxh8 Kd5 43. Bb6 f4 
44. Rh5+ Ke4 45. Rb5 f3 46. Rb4+ Kd3 47. Kg1 f2+ 48. Bxf2 Ra6 49. Rxb7 Ra1+ 
50. Kg2 Rc1 51. Kf3 Ra1 52. Rd7+ Kc2 53. Ke4 Ra5 54. Bd4 Ra4 55. Rd5 Kd2 
56. Rh5 Rb4 57. Rh2+ Ke1 58. Rh1+ Kd2 59. Rh2+ Ke1 60. Kd3 Rb3+ 1/2-1/2

[Event "Friday 19 January Rapid Engine Tour 12+1 Rounds 9 Starts 1600 ST"]
[Site "Infinity Chess"]
[Date "2018.1.19"]
[Round "2"]
[White "angriff"]
[Black "Dinkelberger"]
[Result "1/2-1/2"]
[ECO "C11"]
[WhiteElo "2450"]
[BlackElo "2442"]
[WhiteEngine "Raubfisch ME262_GTZ16b2_CTG"]
[BlackEngine "stockfish_18011309_x64_modern_CTG"]
[EventType "Swiss"]
[WhiteTeam ""]
[BlackTeam ""]
[PlyCount "117"]
[TimeControl "720+1"]

1. e4 e6 2. d4 d5 3. Nc3 Nf6 4. Bg5 dxe4 5. Nxe4 Be7 6. Nxf6+ Bxf6 7. Bxf6 Qxf6 
8. c3 O-O 9. Qf3 Qxf3 10. Nxf3 b6 11. Ne5 Nd7 12. Nxd7 Bxd7 13. f3 Bc6 
14. O-O-O f6 15. Bd3 h5 16. Rhe1 Kf7 17. Re3 g5 18. Rde1 Rfe8 19. g3 g4 
20. f4 Rad8 21. b4 b5 22. Kb2 Rd6 23. Kc2 h4 24. Ra1 hxg3 25. hxg3 a6 
26. a4 bxa4 27. Bxa6 Rh8 28. Bc4 Rh2+ 29. Re2 Rh5 30. Kb2 Rh3 31. Rg1 Bd5 
32. Bd3 Bb3 33. Rf2 Ke7 34. Bb5 e5 35. Re2 Rd5 36. Bd3 Kd6 37. fxe5+ fxe5 
38. Bf5 Rh6 39. dxe5+ Rxe5 40. Rd2+ Kc6 41. Bxg4 Re3 42. Bd7+ Kb6 43. Rf1 Rxg3 
44. Ra1 c6 45. Bf5 Rh4 46. Rc1 Bd5 47. Ra1 Rf3 48. Bc2 Rhh3 49. Ra3 Bb3 
50. Bxb3 Rxc3 51. Rxa4 Rxb3+ 52. Ka2 Kb5 53. Ra8 Kxb4 54. Rb8+ Kc4 55. Rc2+ Rhc3 
56. Rxc3+ Rxc3 57. Rg8 Rd3 58. Kb2 Rd2+ 59. Kc1 1/2-1/2

[Event "Friday 19 January Rapid Engine Tour 12+1 Rounds 9 Starts 1600 ST"]
[Site "Infinity Chess"]
[Date "2018.1.19"]
[Round "2"]
[White "RonWeasley"]
[Black "Deep SKY"]
[Result "1/2-1/2"]
[ECO "C53"]
[WhiteElo "2464"]
[BlackElo "2453"]
[WhiteEngine "BrainFish 130117_CTG"]
[BlackEngine "BrainFish_180106_x64_CTG"]
[EventType "Swiss"]
[WhiteTeam ""]
[BlackTeam ""]
[PlyCount "89"]
[TimeControl "720+1"]

1. e4 e5 2. Nf3 Nc6 3. Bc4 Bc5 4. c3 Nf6 5. d3 d6 6. Bb3 a5 7. Bg5 h6 8. Bh4 g5 
9. Bg3 O-O 10. O-O g4 11. Nh4 Nh5 12. a4 Qg5 13. Nd2 Be6 14. Qc2 Nxg3 
15. hxg3 Ne7 16. Nc4 Ng6 17. Nxg6 Qxg6 18. Nxa5 Rxa5 19. Bxe6 Qxe6 20. b4 Ra6 
21. bxc5 dxc5 22. Kh2 Rfa8 23. c4 Qd7 24. f4 gxf3 25. Rxf3 Rxa4 26. Rxa4 Rxa4 
27. Qb2 Ra6 28. Qxe5 Rd6 29. Qxc5 Rxd3 30. Rxd3 Qxd3 31. Qxc7 Qxe4 32. Qf4 Qxf4 
33. gxf4 f5 34. Kh3 Kf7 35. Kg3 b6 36. Kf3 Kf6 37. Ke2 Ke7 38. Kd3 Ke6 
39. Kd4 Kd6 40. g3 h5 41. Kd3 Kc5 42. Kc3 Kd6 43. Kd3 Ke6 44. Kd4 Kd6 45. Kd3 
1/2-1/2

[Event "Friday 19 January Rapid Engine Tour 12+1 Rounds 9 Starts 1600 ST"]
[Site "Infinity Chess"]
[Date "2018.1.19"]
[Round "2"]
[White "KRAKEN"]
[Black "Neoxium"]
[Result "1/2-1/2"]
[ECO "E15"]
[WhiteElo "2481"]
[BlackElo "2478"]
[WhiteEngine "Raubfisch ME262_GTZ16b3._CTG"]
[BlackEngine "SF SL FA-IDeA"]
[EventType "Swiss"]
[WhiteTeam ""]
[BlackTeam ""]
[PlyCount "110"]
[TimeControl "720+1"]

1. d4 Nf6 2. c4 e6 3. Nf3 b6 4. g3 Ba6 5. b3 Bb4+ 6. Bd2 Bxd2+ 7. Qxd2 d5 
8. Bg2 O-O 9. Nc3 Nbd7 10. Ne5 Bb7 11. O-O Ne4 12. Bxe4 dxe4 13. Rfd1 f5 
14. e3 g5 15. a4 a5 16. Rac1 Qe7 17. Nxd7 Qxd7 18. d5 Rad8 19. Qd4 exd5 
20. Nxd5 Qf7 21. Qe5 Rd7 22. Rd2 Bc6 23. Rcd1 h6 24. Kh1 Bxd5 25. Rxd5 Re7 
26. Qd4 Qf6 27. Kg1 f4 28. exf4 gxf4 29. Qxf6 Rxf6 30. Rd7 Kf7 31. Rxe7+ Kxe7 
32. Re1 Re6 33. gxf4 Kf6 34. f3 Kf5 35. Kf2 Kxf4 36. fxe4 Rxe4 37. Rd1 Re7 
38. Rd4+ Kg5 39. Rd8 Rf7+ 40. Kg3 Rg7 41. Rd5+ Kf6+ 42. Kf2 Rf7 43. Ke3 Re7+ 
44. Kf2 Re4 45. h3 Re6 46. Rd7 Re7 47. Rxe7 Kxe7 48. Ke3 Kd6 49. Kd4 c5+ 
50. Ke4 Ke6 51. h4 h5 52. Kf4 Kf6 53. Ke4 Ke6 54. Kf4 Kf6 55. Ke4 Ke6 1/2-1/2

[Event "Friday 19 January Rapid Engine Tour 12+1 Rounds 9 Starts 1600 ST"]
[Site "Infinity Chess"]
[Date "2018.1.19"]
[Round "2"]
[White "hafaba"]
[Black "Marsell"]
[Result "1/2-1/2"]
[ECO "A00"]
[WhiteElo "2491"]
[BlackElo "2495"]
[WhiteEngine "Stockfish SL 07012018 POPCNT_CTG"]
[BlackEngine "asmFishW_2018-01-11_popcnt"]
[EventType "Swiss"]
[WhiteTeam ""]
[BlackTeam ""]
[PlyCount "100"]
[TimeControl "720+1"]

1. e3 e5 2. d4 exd4 3. exd4 d5 4. Nf3 Nc6 5. Nc3 Nf6 6. Bb5 Bb4 7. O-O O-O 
8. Bxc6 bxc6 9. Ne5 c5 10. dxc5 Bxc5 11. Bg5 Be6 12. Qf3 Re8 13. Rfe1 h6 
14. Bxf6 Qxf6 15. Qxf6 gxf6 16. Nd3 Bb6 17. Na4 Kf8 18. Nxb6 axb6 19. a3 d4 
20. Rac1 Bf5 21. Rxe8+ Rxe8 22. Kf1 Be6 23. a4 c5 24. b3 Rc8 25. Nf4 c4 
26. bxc4 Rxc4 27. Ke1 Bd7 28. Rb1 Bxa4 29. Rxb6 Kg7 30. f3 Bxc2 31. Nh5+ Kf8 
32. Rxf6 Bg6 33. Nf4 Ke7 34. Ra6 Rc1+ 35. Kd2 Rc2+ 36. Ke1 Rc1+ 37. Ke2 Rc2+ 
38. Kf1 Rc1+ 39. Kf2 Rc2+ 40. Kf1 Rc1+ 41. Ke2 Rc2+ 42. Kd1 Rb2 43. Nxg6+ fxg6 
44. Rxg6 Kf7 45. Rxh6 Rxg2 46. Rh4 d3 47. Rd4 Rxh2 48. Rxd3 Rh1+ 49. Kc2 Ke6 
50. Kd2 Ke7 1/2-1/2

[Event "Friday 19 January Rapid Engine Tour 12+1 Rounds 9 Starts 1600 ST"]
[Site "Infinity Chess"]
[Date "2018.1.19"]
[Round "2"]
[White "Dovahkiin"]
[Black "neófito"]
[Result "1/2-1/2"]
[ECO "A00"]
[WhiteElo "2440"]
[BlackElo "2470"]
[WhiteEngine "BrainFish_180113_x64_modern_CTG"]
[BlackEngine "asmFishW_2018-01-12_bmi2"]
[EventType "Swiss"]
[WhiteTeam ""]
[BlackTeam ""]
[PlyCount "58"]
[TimeControl "720+1"]

1. e3 e5 2. e4 Nf6 3. Nc3 Bc5 4. Bc4 c6 5. Nf3 d6 6. d3 Bg4 7. a3 Bh5 8. h3 Nbd7 
9. g4 Bg6 10. Ba2 O-O 11. O-O a5 12. Nh2 h6 13. h4 Kh8 14. Kh1 b5 15. h5 Bh7 
16. g5 Ng8 17. Rg1 hxg5 18. Bxg5 f6 19. Bd2 f5 20. Bxg8 Rxg8 21. exf5 Bxf5 
22. Qf3 Rf8 23. Rg2 d5 24. Qg3 Rf7 25. Nf3 Qf6 26. Bg5 Qe6 27. Bd2 Qf6 
28. Bg5 Qe6 29. Bd2 Qf6 1/2-1/2

[Event "Friday 19 January Rapid Engine Tour 12+1 Rounds 9 Starts 1600 ST"]
[Site "Infinity Chess"]
[Date "2018.1.19"]
[Round "2"]
[White "MGR"]
[Black "xeonrocks"]
[Result "1/2-1/2"]
[ECO "C55"]
[WhiteElo "2471"]
[BlackElo "2536"]
[WhiteEngine "asmFishW_2017-11-19_bmi2"]
[BlackEngine "asmFishW_CTG"]
[EventType "Swiss"]
[WhiteTeam ""]
[BlackTeam ""]
[PlyCount "85"]
[TimeControl "720+1"]

1. e4 e5 2. Nf3 Nc6 3. Bc4 Nf6 4. d3 Bc5 5. O-O a5 6. Bg5 h6 7. Bh4 d6 
8. Nbd2 g5 9. Bg3 Ba7 10. c3 O-O 11. Bb3 Be6 12. a4 Kg7 13. Bxe6 fxe6 
14. Nc4 Rb8 15. Nfd2 Qe8 16. Na3 h5 17. h4 gxh4 18. Bxh4 Bc5 19. Nb5 Rc8 
20. d4 exd4 21. e5 Nd5 22. cxd4 Nxd4 23. Nxd4 Bxd4 24. exd6 cxd6 25. Ra3 Bxb2 
26. Rg3+ Kh8 27. Ne4 Rc1 28. Qd2 Rxf1+ 29. Kxf1 Bg7 30. Qg5 Qf7 31. Rf3 Nf4 
32. g3 e5 33. gxf4 Qc4+ 34. Kg2 Qxe4 35. Qxh5+ Qh7 36. Qxh7+ Kxh7 37. fxe5 dxe5 
38. Rxf8 Bxf8 39. Kf3 Kg6 40. Ke4 Bd6 41. Bd8 Bc5 42. Kxe5 Bxf2 43. Bxa5 1/2-1/2

[Event "Friday 19 January Rapid Engine Tour 12+1 Rounds 9 Starts 1600 ST"]
[Site "Infinity Chess"]
[Date "2018.1.19"]
[Round "1"]
[White "BraveDevil"]
[Black "Deep SKY"]
[Result "1/2-1/2"]
[ECO "D15"]
[WhiteElo "2377"]
[BlackElo "2456"]
[WhiteEngine "Cryptic AIL V1"]
[BlackEngine "BrainFish_180106_x64_CTG"]
[EventType "Swiss"]
[WhiteTeam ""]
[BlackTeam ""]
[PlyCount "67"]
[TimeControl "720+1"]

1. d4 d5 2. c4 c6 3. Nf3 Nf6 4. Nc3 e6 5. e3 Nbd7 6. h3 Be7 7. cxd5 exd5 
8. Bd3 O-O 9. O-O b6 10. e4 dxe4 11. Nxe4 Bb7 12. Ng3 c5 13. Nf5 cxd4 14. Bf4 g6 
15. Nxe7+ Qxe7 16. Bc4 Rac8 17. Rc1 Bxf3 18. Qxf3 Rfe8 19. Qd1 Nh5 20. Bh2 Ne5 
21. Bb5 Rxc1 22. Qxc1 Rd8 23. Re1 f6 24. f4 Qb4 25. fxe5 Qxb5 26. g4 d3 
27. Qc7 Qd5 28. gxh5 d2 29. Rd1 Qd4+ 30. Kg2 Qe4+ 31. Kf2 Qd4+ 32. Kg2 Qe4+ 
33. Kf2 Qd4+ 34. Kg2 1/2-1/2

[Event "Friday 19 January Rapid Engine Tour 12+1 Rounds 9 Starts 1600 ST"]
[Site "Infinity Chess"]
[Date "2018.1.19"]
[Round "1"]
[White "MGR"]
[Black "OlivierEvan"]
[Result "1-0"]
[ECO "B43"]
[WhiteElo "2458"]
[BlackElo "2385"]
[WhiteEngine "asmFishW_2017-11-19_bmi2"]
[BlackEngine "Houdini 6"]
[EventType "Swiss"]
[WhiteTeam ""]
[BlackTeam ""]
[PlyCount "189"]
[TimeControl "720+1"]

1. e4 c5 2. Nf3 e6 3. d4 cxd4 4. Nxd4 a6 5. Nc3 Qc7 6. Bd3 d6 7. O-O Nf6 
8. a4 Nc6 9. Nxc6 bxc6 10. Qf3 Be7 11. Qg3 O-O 12. Bh6 Ne8 13. b3 e5 14. Bd2 Nf6 
15. a5 g6 16. Na4 Bb7 17. Rfe1 Nh5 18. Qf3 Ng7 19. Nb6 Rad8 20. Qe2 Ne6 
21. b4 d5 22. exd5 cxd5 23. c3 d4 24. c4 Rfe8 25. Rac1 e4 26. Bxe4 d3 
27. Qd1 Nf4 28. Nd5 Bxd5 29. cxd5 Qd6 30. Rc4 Bf8 31. Re3 Re5 32. Bf3 Rxe3 
33. fxe3 Ne2+ 34. Bxe2 Qxd5 35. Rd4 dxe2 36. Qxe2 Qa8 37. Rxd8 Qxd8 38. Bc3 Qc8 
39. Qd3 Be7 40. Qd4 f6 41. Qd5+ Kf8 42. Bd2 Ke8 43. Kf2 Qd7 44. e4 f5 
45. Qa8+ Kf7 46. Ke1 fxe4 47. Qxa6 Qd4 48. Qb6 Qd3 49. Qc7 Qd4 50. Qg3 Ke8 
51. Qb8+ Kf7 52. Qg3 Ke8 53. Kd1 Bf6 54. Qb3 Bg5 55. Qc3 Qd5 56. Ke1 Bxd2+ 
57. Qxd2 Qe5 58. Qe3 Qa1+ 59. Ke2 Qb2+ 60. Qd2 Qe5 61. Qc2 Qb5+ 62. Ke3 Qg5+ 
63. Kf2 Qf4+ 64. Ke2 Qg4+ 65. Ke1 e3 66. Qc6+ Kd8 67. Qd6+ Kc8 68. g3 Qf3 
69. Qf4 Qd5 70. Qxe3 Kb8 71. b5 Qh1+ 72. Kd2 Qa1 73. Qb6+ Kc8 74. Qc5+ Kd7 
75. a6 Qb2+ 76. Qc2 Qa1 77. Qc3 Qa2+ 78. Kd3 Qb1+ 79. Kc4 Qa2+ 80. Kb4 Kd6 
81. Qc5+ Kd7 82. a7 Qd2+ 83. Qc3 Qg2 84. Qc6+ Qxc6 85. bxc6+ Kxc6 86. a8=Q+ Kd6 
87. Kc4 g5 88. Kd4 Ke6 89. Qc6+ Kf5 90. h3 g4 91. h4 h5 92. Kd3 Ke5 93. Kc4 Kf5 
94. Qd6 Ke4 95. Qf4# 1-0

[Event "Friday 19 January Rapid Engine Tour 12+1 Rounds 9 Starts 1600 ST"]
[Site "Infinity Chess"]
[Date "2018.1.19"]
[Round "1"]
[White "Satria_Ungu"]
[Black "RonWeasley"]
[Result "1/2-1/2"]
[ECO "A05"]
[WhiteElo "2402"]
[BlackElo "2467"]
[WhiteEngine "Houdini 6"]
[BlackEngine "BrainFish 130117_CTG"]
[EventType "Swiss"]
[WhiteTeam ""]
[BlackTeam ""]
[PlyCount "85"]
[TimeControl "720+1"]

1. Nf3 Nf6 2. d4 d5 3. e3 e6 4. c4 c6 5. b3 c5 6. Nbd2 cxd4 7. exd4 b6 
8. Bb2 Be7 9. Bd3 O-O 10. O-O Nbd7 11. Qe2 Bb7 12. Rac1 Rc8 13. Rfe1 Nh5 
14. g3 Nhf6 15. Bb1 Re8 16. Red1 h6 17. a3 Bf8 18. h3 Qe7 19. Bd3 Red8 
20. Kh2 Qd6 21. Bb1 g6 22. Ne5 dxc4 23. bxc4 Nxe5 24. dxe5 Qc6 25. f3 Ne8 
26. Be4 Qd7 27. Bxb7 Qxb7 28. Ne4 Qc6 29. Kg2 Rxd1 30. Qxd1 Nc7 31. Rc3 Na6 
32. Rd3 Kg7 33. Nf6 Nc5 34. Rd4 Qa4 35. Qd2 Be7 36. h4 Nb3 37. Qd1 Nc5 
38. Qe2 h5 39. Qd2 Nb3 40. Qd1 Nc5 41. Qd2 Nb3 42. Qd1 Nc5 43. Qd2 1/2-1/2

[Event "Friday 19 January Rapid Engine Tour 12+1 Rounds 9 Starts 1600 ST"]
[Site "Infinity Chess"]
[Date "2018.1.19"]
[Round "1"]
[White "Neoxium"]
[Black "star99"]
[Result "1/2-1/2"]
[ECO "B20"]
[WhiteElo "2481"]
[BlackElo "2413"]
[WhiteEngine "SF SL FA-IDeA"]
[BlackEngine "Cryptic AIL V1"]
[EventType "Swiss"]
[WhiteTeam ""]
[BlackTeam ""]
[PlyCount "128"]
[TimeControl "720+1"]

1. e4 c5 2. c4 Nc6 3. Ne2 Nf6 4. Nbc3 e6 5. d4 d5 6. cxd5 exd5 7. Bg5 Be7 
8. Bxf6 Bxf6 9. dxc5 d4 10. Nd5 O-O 11. Qd2 Be6 12. Nxf6+ Qxf6 13. Nf4 Qe5 
14. Be2 Rae8 15. O-O Qxc5 16. Rfe1 Qb4 17. Red1 Qd6 18. f3 Qc5 19. Bf1 Rc8 
20. b3 h6 21. Rac1 Qd6 22. Nd3 Rfd8 23. f4 b6 24. g3 Bg4 25. Re1 Bd7 26. b4 a5 
27. a3 axb4 28. axb4 Qe7 29. Qb2 Be6 30. b5 Na5 31. Rxc8 Bxc8 32. Qb4 Qf8 
33. Qxf8+ Kxf8 34. Nb4 f6 35. Kf2 Bb7 36. e5 fxe5 37. Rxe5 Rd6 38. g4 Kf7 
39. Re1 Kf8 40. f5 Nb3 41. Kg3 Nc5 42. Nd3 Ne4+ 43. Kf4 Nd2 44. Kg3 h5 
45. Be2 hxg4 46. Kxg4 Ne4 47. Kf4 Nc3 48. Bh5 Rd8 49. Ke5 Rd5+ 50. Kf4 Rd8 
51. Re5 Bd5 52. Nb4 Bf7 53. Bxf7 Kxf7 54. Nd3 Re8 55. Rxe8 Kxe8 56. Ke5 Nxb5 
57. f6 gxf6+ 58. Kxf6 Na3 59. h4 Kf8 60. h5 Nc4 61. h6 Kg8 62. Kg6 b5 
63. h7+ Kh8 64. Kf5 Kxh7 1/2-1/2

[Event "Friday 19 January Rapid Engine Tour 12+1 Rounds 9 Starts 1600 ST"]
[Site "Infinity Chess"]
[Date "2018.1.19"]
[Round "1"]
[White "NINJA_JENGKA"]
[Black "KRAKEN"]
[Result "1/2-1/2"]
[ECO "D02"]
[WhiteElo "2429"]
[BlackElo "2483"]
[WhiteEngine "Houdini 6_CTG"]
[BlackEngine "Raubfisch ME262_GTZ16b3._CTG"]
[EventType "Swiss"]
[WhiteTeam ""]
[BlackTeam ""]
[PlyCount "128"]
[TimeControl "720+1"]

1. d4 d5 2. Nf3 Nf6 3. c4 e6 4. Nc3 c6 5. e3 Nbd7 6. Qc2 Bd6 7. Bd3 dxc4 
8. Bxc4 O-O 9. O-O b5 10. Be2 Bb7 11. e4 e5 12. a3 Re8 13. Be3 a5 14. dxe5 Nxe5 
15. h3 Nxf3+ 16. Bxf3 Rc8 17. Rad1 Qc7 18. g3 Ba6 19. Rfe1 b4 20. axb4 axb4 
21. Ne2 c5 22. Bg2 Bb5 23. f4 Bf8 24. e5 Bc6 25. Bxc6 Qxc6 26. Bf2 Nd7 
27. b3 Nb6 28. Qb1 Qb7 29. Nc1 c4 30. bxc4 Nxc4 31. Nb3 Na3 32. Qf5 Rc7 
33. Rd3 Nb5 34. e6 fxe6 35. Rxe6 Qc8 36. Re5 Rxe5 37. Qxe5 Nc3 38. Kh2 h6 
39. Rd2 Rb7 40. f5 Rb5 41. Qe6+ Qxe6 42. fxe6 Rd5 43. Kg2 Rxd2 44. Nxd2 Nd5 
45. Kf3 Nc7 46. Ke4 Nxe6 47. Kd5 Kf7 48. Kc4 Kf6 49. g4 Nd8 50. Bh4+ g5 
51. Bg3 Nc6 52. Kd5 Ne7+ 53. Kc4 Ke6 54. Nf3 b3 55. Nd4+ Kf6 56. Nxb3 Ng6 
57. Nd4 Nf4 58. Bxf4 gxf4 59. Kd5 Be7 60. Ke4 h5 61. Kxf4 hxg4 62. hxg4 Ba3 
63. g5+ Kg6 64. Nf3 Kh7 1/2-1/2

[Event "Friday 19 January Rapid Engine Tour 12+1 Rounds 9 Starts 1600 ST"]
[Site "Infinity Chess"]
[Date "2018.1.19"]
[Round "1"]
[White "THE_MACHINE"]
[Black "Dovahkiin"]
[Result "0-1 "]
[ECO "C10"]
[WhiteElo "2491"]
[BlackElo "2440"]
[WhiteEngine "Houdini 6"]
[BlackEngine "BrainFish_180113_x64_modern_CTG"]
[EventType "Swiss"]
[WhiteTeam ""]
[BlackTeam ""]
[PlyCount "50"]
[TimeControl "720+1"]

1. e4 e6 2. d4 d5 3. Nc3 dxe4 4. Nxe4 Nd7 5. Nf3 Ngf6 6. Nxf6+ Nxf6 7. Bd3 c5 
8. Be3 Qc7 9. Qe2 a6 10. O-O b6 11. c4 Be7 12. dxc5 Bxc5 13. Bxc5 Qxc5 
14. a3 Bb7 15. Ne5 a5 16. Rab1 O-O 17. b4 axb4 18. axb4 Qc7 19. Rfe1 Rad8 
20. Qe3 Nd7 21. Bf1 Nxe5 22. Qxe5 Qe7 23. Qb5 Qc7 24. Ra1 Rd7 25. Ra7 Rb8 0-1